Map: Lightshade LE

Players

TeebuL - Winner!

  • Race: Protoss Protoss

Demi

  • Race: Zerg Zerg

Event: DreamHack SC2 Masters 2021 Winter

VOD

Have the link to the VOD?

Description

Time

  • Played on: Oct. 1, 2021, 4:56 a.m.
  • Length: 7:37

All games in this series

Show
View Real Time Build Order
Export as new Build Order

TeebuL Protoss - Winner!

Build Orders: 1 Gate Expand, Zealot Archon 

Get SALT Encoding   

  12  0:00  Probe  
  13  0:12  Probe  
  14  0:20  Pylon  
  14  0:24  Probe (Chrono Boost)  
  15  0:39  Probe (Chrono Boost)  
  15  0:41  Gateway  
  16  0:46  Probe (Chrono Boost)  
  17  0:53  Probe  
  18  0:58  Assimilator  
  18  1:05  Probe  
  19  1:17  Probe  
  20  1:27  Nexus  
  20  1:37  Cybernetics Core  
  20  1:40  Probe  
  21  1:49  Assimilator  
  21  1:52  Probe  
  22  1:57  Pylon  
  22  2:04  Probe  
  23  2:10  Warp Gate  
  23  2:12  Stalker (Chrono Boost)  
  25  2:16  Probe (Chrono Boost)  
  26  2:28  Probe (Chrono Boost)  
  27  2:31  Twilight Council  
  27  2:33  Probe (Chrono Boost)  
  28  2:37  Adept  
  28  2:40  Probe  
  28  2:42  Probe  
  32  2:52  Probe  
  32  2:55  Probe  
  34  3:00  Gateway  
  34  3:05  Gateway  
  34  3:08  Probe  
  34  3:10  Probe  
  34  3:12  Resonating Glaives (Chrono Boost)  
  36  3:17  Adept (Chrono Boost)  
  38  3:21  Probe  
  38  3:22  Probe  
  40  3:33  Probe  
  41  3:37  Pylon  
  41  3:42  Pylon  
  41  3:45  Pylon  
  41  3:46  Shield Battery  
  41  3:49  Gateway  
  41  3:52  Gateway  
  39  3:56  Sentry  
  39  3:59  Shield Battery  
  41  4:03  Pylon  
  41  4:10  Adept  
  41  4:12  Pylon, Shield Battery  
  43  4:22  Pylon  
  43  4:24  Gateway  
  43  4:29  Pylon  
  43  4:35  Zealot  
  45  4:44  Zealot  
  47  4:45  Probe  
  47  4:49  Zealot, Dark Shrine  
  47  4:50  Probe  
  51  4:57  Cybernetics Core  
  51  4:59  Probe  
  52  5:02  Probe  
  53  5:17  Probe  
  53  5:20  Nexus  
  53  5:21  Probe, Pylon  
  55  5:29  Probe  
  55  5:34  Adept x4  
  64  5:37  Probe  
  65  5:46  Probe  
  66  5:52  Robotics Facility  
  66  5:54  Probe  
  67  5:58  Nexus  
  67  5:59  Adept x4  
  67  6:03  Probe  
  76  6:06  Probe  
  77  6:15  Probe  
  74  6:18  Probe  
  74  6:20  Dark Templar x4  
  77  6:27  Probe  
  77  6:31  Probe  
  77  6:36  Assimilator  
  77  6:37  Assimilator  
  77  6:39  Probe  
  74  6:43  Probe  
  71  6:51  Immortal (Chrono Boost), Probe  
  74  6:55  Probe  
  69  7:03  Probe  
  69  7:07  Probe  
  69  7:08  Adept x4  
  77  7:14  Gateway x2  
  77  7:15  Probe  
  80  7:17  Archon  
  80  7:19  Probe  
  80  7:20  Gateway, Probe  
Show
View Real Time Build Order
Export as new Build Order

Demi Zerg 

Build Orders: Hatch First 

Get SALT Encoding   

  12  0:00  Drone  
  13  0:12  Overlord  
  13  0:17  Drone  
  14  0:30  Drone x2  
  16  0:48  Hatchery  
  15  0:51  Drone  
  15  0:55  Drone  
  17  0:58  Drone  
  18  1:09  Extractor  
  17  1:13  Spawning Pool  
  17  1:16  Drone  
  17  1:20  Drone  
  18  1:28  Drone  
  19  1:40  Drone  
  20  1:51  Overlord  
  20  2:00  Queen x2  
  24  2:03  Zergling x2  
  24  2:04  Drone  
  26  2:10  Metabolic Boost  
  26  2:13  Zergling x2  
  27  2:19  Drone  
  28  2:30  Hatchery  
  28  2:34  Overlord  
  27  2:44  Queen  
  27  2:47  Zergling x4  
  27  2:49  Zergling x2  
  32  2:51  Zergling x2  
  32  2:55  Zergling x2  
  32  2:56  Zergling x2  
  35  3:02  Zergling x2  
  36  3:07  Zergling x2  
  36  3:09  Zergling x6  
  40  3:17  Zergling x6  
  43  3:20  Overlord  
  43  3:28  Overlord  
  43  3:30  Zergling x2  
  44  3:34  Overlord  
  43  3:42  Zergling x8  
  43  3:47  Zergling x2  
  43  3:48  Zergling x2  
  46  3:56  Zergling x8  
  46  4:02  Zergling x4  
  51  4:05  Zergling x2  
  49  4:11  Drone x3  
  49  4:14  Drone  
  50  4:20  Drone x2  
  48  4:27  Drone  
  48  4:28  Drone  
  48  4:30  Drone x2  
  45  4:44  Drone x7  
  49  4:49  Queen  
  51  4:58  Roach Warren  
  50  5:01  Drone  
  50  5:02  Queen  
  50  5:06  Drone  
  50  5:07  Drone x2  
  56  5:11  Spore Crawler  
  56  5:13  Spore Crawler  
  54  5:16  Spore Crawler  
  53  5:23  Drone x2, Overlord  
  53  5:26  Extractor  
  54  5:30  Drone  
  54  5:33  Drone  
  54  5:34  Drone x3  
  57  5:43  Roach x2  
  57  5:44  Roach x3  
  57  5:46  Drone  
  68  5:50  Overlord  
  68  5:54  Drone  
  68  5:58  Zergling x2, Roach x2  
  68  5:59  Zergling x8  
  78  6:04  Drone x2  
  79  6:18  Drone x3  
  73  6:27  Zergling x2, Roach x2  
  73  6:28  Zergling x4  
  66  6:36  Drone  
  66  6:37  Drone x6  
  59  6:51  Drone x2  
  59  6:52  Drone x3  
  55  6:57  Drone  
  52  7:05  Drone x3  
  54  7:13  Drone x2  
  55  7:19  Drone x2  
  55  7:20  Drone  

Tags
 
Add a new tag
Caveats
  • Supply blocks, unpowered buildings, or Contaminate may cause inaccurate times.
  • Supply counts are checked every 10 seconds.